 Dungeon Crawl Stone Soup version 0.31-a0-196-g86fe4a5e66 (webtiles) character file.

Game seed: 7937324721377956304

67 qw the Shooter (level 4, -7/25 HPs)
             Began as a Deep Elf Hunter on June 24, 2023.
             Mangled by Terence
             ... wielding a +0 flail
              (11 damage)
             ... on level 2 of the Dungeon.
             The game lasted 00:00:32 (982 turns).

qw the Shooter (Deep Elf Hunter)                     Turns: 982, Time: 00:00:32

Health: -7/25      AC:  7    Str: 10    XL:     4   Next: 0%
Magic:  6/6        EV: 12    Int: 14    God:
Gold:   28         SH:  0    Dex: 18    Spells: 3/3 levels left

rFire   . . .        Y - +0 shortbow
rCold   . . .        (shield currently unavailable)
rNeg    . . .        c - +0 leather armour
rPois   .            (no helmet)
rElec   .            (no cloak)
rCorr   .            a - +3 Mad Mage's Maulers {Infuse+∞ VampMP -Cast}
SInv    .            (no boots)
Will    .....        (no amulet)
Stlth   ++           (no ring)
HPRegen 0.24/turn    (no ring)
MPRegen 0.10/turn

%: no spellcasting, infuse magic (6 MP)
@: no status effects
A: no striking features
a: no special abilities


You were on level 2 of the Dungeon.
You visited 1 branch of the dungeon, and saw 3 of its levels.

You collected 76 gold pieces.
You spent 48 gold pieces at shops.


   Skills:
 - Level 1.5 Fighting
 + Level 7.4 Ranged Weapons
 - Level 2.4 Dodging
 - Level 1.2 Stealth


You had 3 spell levels left.
You didn't know any spells.
Your spell library was empty.

Inventory:

Hand Weapons
 Y - a +0 shortbow (weapon)
Armour
 a - the +3 Mad Mage's Maulers (worn) {Infuse+∞ VampMP -Cast}
   (You acquired it on level 1 of the Dungeon)

   Infuse+∞: It empowers its wearer's blows with all of their magic.
   VampMP:    Blows struck in melee replenish the wearer's magic.
   -Cast:     It prevents spellcasting.
 c - a +0 leather armour (worn)
Scrolls
 b - 2 scrolls of identify

Dungeon Overview and Level Annotations

Branches:
Dungeon (3/15)

Altars:

Shops:
D:2 ?

Annotations:
D:2 Terence


Message History

Terence barely misses you.
The kobold hits you with a +2 dagger of speed.
You shoot an arrow.
The arrow hits Terence but does no damage.
Terence hits you with a +0 flail.
The kobold hits you with a +2 dagger of speed.
The kobold closely misses you.
974 ||| DRINKING potion of heal wounds.
You feel much better. Terence barely misses you. The kobold closely misses you.
You shoot an arrow.
The arrow hits Terence but does no damage.
The kobold barely misses you. Terence hits you with a +0 flail.
The kobold completely misses you.
You shoot an arrow.
The arrow hits Terence but does no damage.
Terence barely misses you. The kobold closely misses you.
You shoot an arrow. The arrow hits Terence.
Terence is moderately wounded.
Terence closely misses you.
The kobold hits you with a +2 dagger of speed.
The kobold completely misses you. Terence barely misses you.
You shoot an arrow. The arrow barely misses Terence.
The kobold hits you with a +2 dagger of speed. x2
Terence hits you with a +0 flail.
You shoot an arrow.
The arrow hits Terence but does no damage.
Terence is moderately wounded.
The kobold hits you but does no damage. Terence hits you but does no damage.
You shoot an arrow. The arrow hits Terence.
Terence is heavily wounded.
The kobold barely misses you. x2; Terence barely misses you.
You shoot an arrow. The arrow hits Terence.
Terence is severely wounded.
The kobold hits you with a +2 dagger of speed.
Terence hits you but does no damage.
You shoot an arrow. The arrow hits Terence.
Terence is severely wounded.
The kobold hits you with a +2 dagger of speed.
The kobold hits you but does no damage. Terence hits you with a +0 flail!
You die...

.....#
##..~~~...
.....#
##.~...~~
##...# ~~~#
#..(# ....
#...######
####
##.......## #
#######..####
# ##..~.#####
#. #..~...@@#
#.
##.~.###K.#
.. ##~## #.#
### #~# .#
#~# . ### ..
.. ...


You could see Terence and a kobold.

Vanquished Creatures
  A gnoll (D:1)
  An adder (D:2)
  A dart slug (D:1)
  3 endoplasms
  A giant cockroach (D:2)
  10 goblins
  3 hobgoblins
  3 jackals (D:3)
  3 kobolds (D:1)
  2 quokkas
  4 ball pythons (D:1)
  5 bats
  3 frilled lizards (D:2)
  4 rats
44 creatures vanquished.

Notes
Turn   | Place    | Note
-------+----------+-------------------------------------------
     0 | D:1      | qw the Deep Elf Hunter began the quest for the Orb.
     0 | D:1      | Reached XP level 1. HP: 12/12 MP: 3/3
     0 | D:1      | 0 ||| qw: Version: 0.3-a-9-g12657ce
     0 | D:1      | 0 ||| qw: Game counter: 4793
     0 | D:1      | 0 ||| qw: Always use a shield: true
     0 | D:1      | 0 ||| qw: God list: Okawaru
     0 | D:1      | 0 ||| qw: Allow faded altars: false
     0 | D:1      | 0 ||| qw: Do Orc after D:15 true
     0 | D:1      | 0 ||| qw: Do second Lair branch before Depths: true
     0 | D:1      | 0 ||| qw: Lair rune preference: random
     0 | D:1      | 0 ||| qw: Plans: Normal
     0 | D:1      | 0 ||| PLANNING D:1-11
    45 | D:1      | Reached skill level 6 in Ranged Weapons
    45 | D:1      | Reached XP level 2. HP: 16/16 MP: 4/4
   374 | D:1      | Reached XP level 3. HP: 20/20 MP: 5/5
   670 | D:1      | 670 ||| READING scroll labelled ALOODW EHIE.
   674 | D:1      | 674 ||| READING scroll labelled ZUOTWE GEZOP.
   675 | D:1      | 675 ||| READING scroll labelled YCRAPTI YCSEEWIA.
   675 | D:1      | Identified a scroll of acquirement
   675 | D:1      | 675 ||| ACQUIRING +3 Mad Mage's Maulers {Infuse+∞ VampMP
                  | -Cast}
   675 | D:1      | Acquired the +3 Mad Mage's Maulers {Infuse+∞ VampMP -Cast}
   675 | D:1      | Found the +3 Mad Mage's Maulers {Infuse+∞ VampMP -Cast}
   677 | D:1      | 677 ||| UPGRADING to +3 Mad Mage's Maulers {Infuse+∞ VampMP
                  | -Cast}.
   682 | D:1      | 682 ||| DRINKING 2 emerald potions.
   683 | D:1      | 683 ||| DROPPING scroll of butterflies.
   757 | D:2      | Found Emudom's Magic Scroll Boutique.
   770 | D:2      | 770 ||| SHOPLISTING scroll of enchant weapon (90 gold, have
                  | 65).
   770 | D:2      | 770 ||| BUYING scroll of identify (24 gold).
   770 | D:2      | Bought a scroll of identify for 24 gold pieces
   770 | D:2      | 770 ||| BUYING scroll of identify (24 gold).
   770 | D:2      | Bought a scroll of identify for 24 gold pieces
   770 | D:2      | 770 ||| SHOPLISTING scroll of identify (24 gold, have 17).
   770 | D:2      | 770 ||| SHOPLISTING scroll of teleportation (36 gold, have
                  | 17).
   783 | D:2      | Reached skill level 7 in Ranged Weapons
   837 | D:2      | You fall into a shaft and drop 1 floor!
   913 | D:2      | 913 ||| FLEEEEING.
   918 | D:2      | 918 ||| STAIRDANCE
   961 | D:2      | Noticed Terence
   967 | D:2      | Reached XP level 4. HP: 13/25 MP: 6/6
   973 | D:2      | HP: 5/25 [kobold/+2 dagger of speed (3)]
   974 | D:2      | 974 ||| DRINKING potion of heal wounds.
   982 | D:2      | HP: 4/25 [kobold/+2 dagger of speed (3)]
   982 | D:2      | Mangled by Terence

Levels and vault maps discovered:
D:1:      tarquinn_simple_flora_water_e, layout_basic
D:2:      layout_basic, serial_rivers, chequers_serial_rivers_marsh,
          chequers_serial_rivers_micro_b, chequers_serial_rivers_micro_c,
          chequers_serial_rivers_micro_d, chequers_serial_rivers_room_b,
          serial_shops, shop, uniq_terence, uniq_jessica
D:3:      layout_loops_ring, uniq_ijyb

Skill      XL: |  1  2  3 |
---------------+----------+-----
Ranged Weapons | 6 7 |  7.4
Fighting       | |  1.5
Dodging        | |  2.4
Stealth        | |  1.2

Action                     |  1- 3 |  4- 6 || total
---------------------------+-------+-------++-------
   Fire: Shortbow          |   112 |    15 ||   127
    Use: Scroll            |     3 |       ||     3
         Potion            |     1 |     1 ||     2
 Armour: Leather armour    |    10 |     6 ||    16
  Dodge: Dodged            |    18 |    22 ||    40

Table legend:
 A = Non-vault XP
 B = Vault XP
 C = Vault XP percentage of total XP
 D = Non-vault monster count
 E = Vault monster count
 F = Vault count percentage of total count
                 A         B        C        D         E       F
            +---------+---------+-------+---------+---------+-------
      Total |      97 |       0 |   0.0 |      44 |       0 |   0.0
            +---------+---------+-------+---------+---------+-------
        D:1 |      52 |       0 |   0.0 |      24 |       0 |   0.0
        D:2 |      35 |       0 |   0.0 |      15 |       0 |   0.0
        D:3 |      10 |       0 |   0.0 |       5 |       0 |   0.0
            +---------+---------+-------+---------+---------+-------
